 Dungeon Crawl Stone Soup version 0.29.1-15-g9cfb28693d (webtiles) character file.

Game seed: 3060138787158019008

175093 Smoke131 the Fighter (level 17, -6/151 HPs)
             Began as a Pale Draconian Fire Elementalist on Feb 21, 2023.
             Was a High Priest of Vehumet.
             Killed from afar by a starcursed mass (7 damage)
             ... with an accursed screaming
             ... on level 2 of the Abyss.
             The game lasted 02:55:10 (52832 turns).

Smoke131 the Fighter (DrFE)                        Turns: 52832, Time: 02:55:11

Health: -6/151     AC: 21    Str: 12    XL:     17   Next: 46%
Magic:  19/33      EV: 18    Int: 22    God:    Vehumet [*****.]
Gold:   451        SH: 22    Dex: 12    Spells: 3/40 levels left

rFire   + . .      SeeInvis .   n - staff of fire
rCold   + . .      Faith    .   k - +1 tower shield
rNeg    . . .      Spirit   .   (body armour unavailable)
rPois   +          Reflect  +   A - +2 hat
rElec   .          Harm     .   z - +2 cloak
rCorr   .          Rampage  .   O - +2 pair of gloves
Will    +....                   f - +3 pair of mountain boots {steadfast, rC+}
Stlth   ++........              t - amulet of reflection
HPRegen 0.35/turn               j - ring of poison resistance
MPRegen 0.23/turn               J - +4 ring of evasion

@: about to teleport, on blink cooldown, hasted (expiring), very quick
A: breathe steam, AC +9, unfitting armour, cold-blooded, steam resistance
a: Breathe Steam, Renounce Religion


You were on level 2 of the Abyss.
You worshipped Vehumet.
Vehumet was extremely pleased with you.
You visited 5 branches of the dungeon, and saw 26 of its levels.
You visited the Abyss 1 time.
You also visited: Ossuary.

You collected 3071 gold pieces.
You spent 2620 gold pieces at shops.

Inventory:

Hand Weapons
 c - a +1 dagger of flaming
 e - a +2 vorpal hand axe
Armour
 f - the +3 pair of mountain boots (worn) {steadfast, rC+}
   (You bought it in a shop on level 2 of the Orcish Mines)

   It prevents involuntary movement, except for blinking, teleportation, or
   banishment.
   rC:        It protects you from cold.
 k - a +1 tower shield (worn)
 z - a +2 cloak (worn)
 A - a +2 hat (worn)
 O - a +2 pair of gloves (worn)
Magical Staves
 n - a staff of fire (weapon)
Jewellery
 j - a ring of poison resistance (left hand)
 q - a +4 ring of protection
 t - an amulet of reflection (around neck)
 B - a ring of willpower
 D - a +6 ring of dexterity
 F - an amulet of guardian spirit
 J - a +4 ring of evasion (right hand)
 N - an amulet of magic regeneration
Wands
 l - a wand of charming (39)
 v - a wand of mindburst (2)
 G - a wand of roots (17)
 H - a wand of polymorph (3)
 M - a wand of digging (5)
Scrolls
 m - 3 scrolls of poison
 r - 4 scrolls of fear
 s - 8 scrolls of teleportation
 x - 8 scrolls of amnesia
 y - 2 scrolls of enchant weapon
 I - 4 scrolls of fog
Potions
 b - 9 potions of lignification
 d - 3 potions of might
 g - 8 potions of curing
 h - a potion of ambrosia
 i - a potion of berserk rage
 o - 3 potions of brilliance
 p - a potion of resistance
 u - 6 potions of mutation
 w - 3 potions of cancellation
 C - 4 potions of haste
 E - 2 potions of flight


   Skills:
 + Level 13.7 Fighting
 - Level 12.1 Staves
 - Level 12.0 Dodging
 - Level 1.7 Stealth
 - Level 10.5 Shields
 + Level 12.2 Spellcasting
 + Level 13.2 Conjurations
 - Level 5.0 Translocations
 + Level 13.7 Fire Magic


You had 3 spell levels left.
You knew the following spells:

 Your Spells              Type           Power      Damage    Failure   Level
a - Foxfire               Conj/Fire      100%       2x1d9     1%          1
b - Scorch                Fire           100%       2d10      1%          2
c - Conjure Flame         Conj/Fire      83%        6-21      1%          3
d - Sticky Flame          Conj/Fire      83%        2d9       1%          4
e - Flame Wave            Conj/Fire      83%        2d18      1%          4
f - Fireball              Conj/Fire      41%        3d17      1%          5
g - Starburst             Conj/Fire      41%        6d12      4%          6
k - Blink                 Tloc           70%        N/A       5%          2
n - Inner Flame           Hex/Fire       60%        N/A       1%          3
o - Orb of Destruction    Conj           32%        9d10      26%         7

Your spell library contained the following spells:

 Spells                   Type           Power      Damage    Failure   Level
 Yara's Violent Unravell  Hex/Tmut       6%         3d5       86%         5
 Shock                    Conj/Air       100%       1d9       1%          1
 Static Discharge         Conj/Air       42%        3-9/arc   1%          2
 Dazzling Flash           Conj/Hex       84%        N/A       1%          3
 Ignite Poison            Fire/Tmut/Pois 50%        N/A       3%          3
 Gell's Gravitas          Tloc           35%        N/A       11%         3
 Lesser Beckoning         Tloc           35%        N/A       11%         3
 Teleport Other           Tloc           35%        N/A       11%         3
 Slow                     Hex            52%        N/A       28%         1
 Portal Projectile        Hex/Tloc       48%        N/A       30%         3
 Confusing Touch          Hex            13%        N/A       65%         3
 Ozocubu's Armour         Ice            13%        N/A       65%         3
 Swiftness                Air            13%        N/A       65%         3
 Tukima's Dance           Hex            13%        N/A       65%         3
 Vampiric Draining        Necr           13%        2d6       65%         3
 Iskenderun's Mystic Bla  Conj/Tloc      52%        2d11      1%          4
 Iskenderun's Battlesphe  Conj           64%        2d11      1%          5
 Lightning Bolt           Conj/Air       21%        1d36      13%         5
 Freezing Cloud           Conj/Ice/Air   16%        6-21      32%         5
 Airstrike                Air            6%         2d(1-17)  54%         4
 Conjure Ball Lightning   Conj/Air       21%        3x3d6     54%         6
 Manifold Assault         Tloc           35%        N/A       71%         5
 Lee's Rapid Deconstruct  Erth           6%         3d7*      86%         5
 Cause Fear               Hex            6%         N/A       96%         4
 Leda's Liquefaction      Hex/Erth       6%         N/A       96%         4
 Summon Ice Beast         Ice/Summ       13%        N/A       96%         4
 Summon Forest            Summ/Tloc      12%        N/A       96%         5
 Dispersal                Tloc           17%        N/A       99%         6
 Blade Hands              Tmut           6%         N/A       100%        5
 Metabolic Englaciation   Hex/Ice        6%         N/A       100%        5
 Summon Mana Viper        Hex/Summ       13%        N/A       100%        5
 Eringya's Noxious Bog    Tmut/Pois      6%         N/A       100%        6
 Simulacrum               Ice/Necr       6%         N/A       100%        6
 Statue Form              Tmut/Erth      8%         N/A       100%        6
 Dragon Form              Tmut           6%         N/A       100%        7
 Monstrous Menagerie      Summ           6%         N/A       100%        7
 Summon Hydra             Summ           6%         N/A       100%        7
 Maxwell's Capacitive Co  Air            6%         ∞         100%        8
 Dragon's Call            Summ           6%         N/A       100%        9
 Polar Vortex             Ice            6%         N/A       100%        9


Dungeon Overview and Level Annotations

Branches:
Dungeon (15/15)            Temple (1/1) D:5            Lair (5/5) D:10
 Shoals (0/4) Lair:2        Snake (3/4) Lair:2        Slime (0/5) Lair:5
    Orc (2/2) D:9             Elf (0/3) Orc:2        Vaults (0/5) D:13
 Depths (0/4) D:15        Ossuary (visited)

Altars:
Ashenzari
Elyvilon
Fedhas
Hepliaklqana
Sif Muna
Trog
Vehumet
Xom
Yredelemnul
Zin
Jiyva
Lugonu

Shops:
D:2 (   D:4 :   D:7 [   D:8 [?   D:14 =   Orc:2 (:*[*   Snake:2 ::=   Snake:3 ?

Portals:
Abyss: Lair:5
Trove: D:14 (give +8 demon trident)

Annotations:
Snake:3 Louise
Orc:1 3 runed translucent doors, Azrael; Smoke131's ghost, journeyman TrGl


Innate Abilities, Weirdness & Mutations

You can breathe blasts of scalding, opaque steam.
Your pale cyan-grey scales are hard. (AC +9)
You cannot fit into any form of body armour.
You are cold-blooded and may be slowed by cold attacks.
You are immune to the effects of steam.


Message History

The starcursed mass shudders and is absorbed by its neighbour.
You barely miss the fire bat.
The fire bat is heavily wounded.
You block the fire bat's attack.
The starcursed mass shrieks in your mind.
* * * LOW HITPOINT WARNING * * *
Aiming: Mindburst
Press: ? - help, Shift-Dir - straight line, f/p - fire bat
Aim: a fire bat (heavily wounded, chance to affect: 72%)
The fire bat struggles to resist.
You block the fire bat's attack. x2
Unknown command.
Casting: Blink (safe; 5% risk of failure)
Confirm with . or Enter, or press ? or * to list all spells.
Aiming: Orb of Destruction (dangerous; 26% risk of failure)
Press: ? - help, Shift-Dir - straight line, f/p - fire bat
Aim: a fire bat (heavily wounded)
The wavering orb of destruction weakly hits the fire bat!!
You blow up the fire bat!
Vehumet accepts your kill.
You feel your power returning.
Casting: Orb of Destruction (dangerous; 26% risk of failure)
Confirm with . or Enter, or press ? or * to list all spells.
Aiming: Orb of Destruction (dangerous; 26% risk of failure)
Press: ? - help, Shift-Dir - straight line, f - starcursed mass
Aim: a starcursed mass (lightly damaged)
Your orb of destruction hits a stone wall.
Your extra speed is starting to run out.
The starcursed mass completely misses you.
Unknown command.
Casting: Orb of Destruction (dangerous; 26% risk of failure)
Confirm with . or Enter, or press ? or * to list all spells.
You blink.
A starcursed mass splits.
A chorus of shrieks assaults your mind.
* * * LOW HITPOINT WARNING * * *
Casting: Blink (safe; 5% risk of failure)
Confirm with . or Enter, or press ? or * to list all spells.
You are still too unstable to blink.
A small abomination comes into view.
A chorus of shrieks assaults your mind.
You die...

## ## #.#
.. #.. .
###x.###.
#§# #.#.#
#.X###..#
###.###@#
#.#.#.#.#
#
#.xXX###
#..###3##
## # #.
#. ##.##
#.##.###
. # . ..#
.# b# .
#.. # ##
.b b#
#.#.##
#.. ...
##.b . #
### # ..
##. #


You could see 2 starcursed masses, a smoke demon and 2 small abominations.

Vanquished Creatures
  Vashnia (Snake:3)
  Nikola (Snake:1)
  Mlioglotl (Snake:1)
  Kirke (Lair:3)
  Gastronok (D:8)
  2 nagarajas
  Roxanne (Snake:3)
  Aizul (Snake:1)
  An orc warlord (Orc:1)
  A stone giant (D:15)
  Snorg (D:14)
  Josephine (D:12)
  A boulder beetle (Lair:5)
  11 hydras
  A salamander tyrant (Snake:2)
  2 catoblepae
  2 ogre magi (D:15)
  6 centaur warriors
  8 naga warriors
  A tengu warrior (D:15)
  10 anacondas
  10 two-headed ogres
  5 death yaks
  8 shock serpents
  3 thrashing horrors (Lair:5)
  15 naga sharpshooters
  An orc high priest (Orc:2)
  Urug (D:12)
  Amaemon (D:8)
  Nergalle (Orc:2)
  A salamander mystic (Snake:1)
  A sea snake (Snake:1)
  6 skeletal warriors
  6 naga ritualists
  A deep troll (D:15)
  A steelbarb worm (shapeshifter) (Lair:5)
  A spriggan simulacrum (D:15)
  6 orc knights
  A harpy (shapeshifter) (D:14)
  A deep elf archer (D:13)
  Pikel (D:6)
  2 wizards (D:15)
  10 mana vipers
  A deep elf zephyrmancer (D:13)
  2 oklob plants
  7 manticores
  2 cyclopes
  A deep elf pyromancer (D:13)
  6 orc sorcerers
  9 salamanders
  45 black mambas
  16 ugly things
  An elephant (shapeshifter) (Lair:5)
  2 large abominations
  14 elephants
  2 guardian serpents (Snake:1)
  A smoke demon (Lair:5)
  A torpor snail (Lair:4)
  An orange demon (D:8)
  13 cane toads
  8 naga magi
  A gargoyle (D:14)
  3 centaur skeletons (D:13)
  An unseen horror (D:8)
  7 komodo dragons
  3 yaktaurs
  A kobold demonologist (D:14)
  2 rime drakes
  A freezing wraith (D:15)
  2 ancient zymes (Lair:5)
  A merfolk (shapeshifter) (Lair:5)
  11 trolls
  3 hornets
  8 polar bears
  3 meliai (D:14)
  A hornet (shapeshifter) (Lair:5)
  34 blink frogs
  6 slime creatures (D:12)
  8 dream sheep
  4 wyverns
  2 shadows
  A dire elephant simulacrum (D:15)
  42 yaks
  7 basilisks
  3 fire elementals (Orc:2)
  6 hogs (Lair:3)
  2 fire bats (Abyss:2)
  11 vampire mosquitoes
  6 wraiths
  A chaos spawn (Lair:5)
  2 minotaur simulacra (D:15)
  4 steam dragons
  33 nagas
  2 acid dragons
  A hell hound (Orc:2)
  16 water moccasins
  3 sky beasts
  11 black bears
  25 orc warriors
  3 ice beasts
  5 ogres
  8 centaurs
  A lemure (D:6)
  2 elf zombies (Ossuary)
  A necrophage (D:6)
  8 bullfrogs
  3 scorpions (D:6)
  3 deep troll simulacra (D:15)
  3 wights
  15 killer bees
  A lindwurm simulacrum (D:15)
  11 small abominations (Lair:5)
  A howler monkey (D:10)
  A vampire bat (Lair:1)
  4 electric eels
  A centaur zombie (Ossuary)
  5 hounds
  2 jellies
  Crazy Yiuf (D:7)
  20 orc priests
  2 gnoll boudas
  An iguana (D:5)
  20 orc wizards
  7 hell rats (Lair:5)
  A boggart simulacrum (D:14)
  2 mummies (Ossuary)
  11 gnolls
  7 adders
  2 shadow imps (D:6)
  3 white imps
  2 adder zombies (Ossuary)
  A worm (D:2)
  2 dart slugs
  74 orcs
  13 endoplasms
  4 giant cockroaches
  11 goblins
  7 hobgoblins
  9 jackals
  3 quokkas
  7 ball pythons
  10 bats
  A goblin zombie (Ossuary)
  10 hobgoblin zombies (Ossuary)
  4 kobolds
  13 kobold zombies (Ossuary)
  7 orc zombies (Ossuary)
  5 rats
  A rat zombie (Ossuary)
  7 bushes (Lair:1)
894 creatures vanquished.

Vanquished Creatures (collateral kills)
  8 foxfires
8 creatures vanquished.

Vanquished Creatures (others)
  A nagaraja (Snake:1)
  A manticore (D:15)
  A centaur skeleton (D:13)
  1373 foxfires
  38 fungi
  71 plants
  7 starspawn tentacles
1492 creatures vanquished.

Grand Total: 2394 creatures vanquished

Notes
Turn   | Place    | Note
-------+----------+-------------------------------------------
     0 | D:1      | Smoke131 the Draconian Fire Elementalist began the quest
                  | for the Orb.
     0 | D:1      | Reached XP level 1. HP: 14/14 MP: 3/3
   303 | D:1      | Reached XP level 2. HP: 21/22 MP: 5/5
   316 | D:1      | Learned a level 2 spell: Scorch
  1399 | D:2      | Reached skill level 1 in Fighting
  1441 | D:2      | Reached XP level 3. HP: 28/28 MP: 0/6
  1644 | D:2      | Found Vymneycs's Antique Weapon Boutique.
  2065 | D:2      | Reached XP level 4. HP: 34/35 MP: 4/7
  2175 | D:2      | Found a faded altar of an unknown god.
  3407 | D:4      | Found a bloodstained altar of Trog.
  3407 | D:4      | Found a basalt altar of Yredelemnul.
  3414 | D:4      | Found a broken altar of Ashenzari.
  3416 | D:4      | Found a glowing silver altar of Zin.
  3417 | D:4      | Found a hazy altar of Hepliaklqana.
  3436 | D:4      | Found Himouph's Book Shop.
  3544 | D:4      | Reached XP level 5. HP: 41/41 MP: 3/9
  4627 | D:5      | Entered Level 5 of the Dungeon
  4648 | D:5      | Noticed a black bear
  4662 | D:5      | Learned a level 3 spell: Conjure Flame
  4679 | D:5      | Killed a black bear
  4680 | D:5      | Reached XP level 6. HP: 50/50 MP: 0/10
  4778 | D:5      | Found a sand-covered staircase.
  4791 | Ossuary  | Entered an ossuary
  5063 | Ossuary  | Your scales start taking on a pale cyan-grey colour.
  5063 | Ossuary  | Reached XP level 7. HP: 24/57 MP: 2/12
  5063 | Ossuary  | Gained mutation: You are immune to the effects of steam.
                  | [Pale Draconian growth]
  5744 | D:5      | Reached skill level 5 in Fire Magic
  5854 | D:5      | Found a staircase to the Ecumenical Temple.
  5873 | Temple   | Entered the Ecumenical Temple
  5902 | Temple   | Became a worshipper of Vehumet
  6228 | D:5      | Reached skill level 1 in Staves
  6448 | D:5      | Learned a level 3 spell: Inner Flame
  7173 | D:6      | Reached XP level 8. HP: 50/66 MP: 2/14
  7980 | D:6      | Reached * piety under Vehumet
  7980 | D:6      | Offered knowledge of Sandblast by Vehumet.
  8309 | D:6      | Noticed a troll
  8316 | D:6      | Killed a troll
  8317 | D:6      | Reached skill level 5 in Fighting
  8569 | D:6      | Learned a level 4 spell: Flame Wave
  8626 | D:7      | Reached XP level 9. HP: 72/74 MP: 2/16
  8888 | D:7      | Reached skill level 5 in Spellcasting
  9029 | D:7      | Reached skill level 5 in Conjurations
  9038 | D:7      | Reached skill level 5 in Dodging
  9151 | D:7      | Identified the +9 hand axe of Saviulow {drain, Fly Str+4
                  | Stlth+}
  9206 | D:7      | Noticed Pikel
  9263 | D:6      | Killed Pikel
  9481 | D:7      | Found Siuveag's Antique Armour Shoppe.
  9484 | D:7      | Bought a cloak for 126 gold pieces
  9620 | D:7      | Found a runed translucent door.
  9621 | D:7      | Noticed Crazy Yiuf
  9626 | D:7      | Killed Crazy Yiuf
 10782 | D:8      | Noticed Gastronok
 10800 | D:8      | Killed Gastronok
 10801 | D:8      | Reached skill level 5 in Staves
 10801 | D:8      | Reached XP level 10. HP: 84/84 MP: 8/19
 10954 | D:8      | Found Justynulo's Magic Scroll Emporium.
 10974 | D:8      | Reached ** piety under Vehumet
 10980 | D:8      | Bought a scroll of identify for 22 gold pieces
 10980 | D:8      | Bought a scroll of identify for 22 gold pieces
 10980 | D:8      | Bought a scroll of identify for 22 gold pieces
 10980 | D:8      | Bought a scroll of identify for 22 gold pieces
 11065 | D:8      | Noticed an orange demon
 11076 | D:8      | Killed an orange demon
 11080 | D:8      | Offered knowledge of Static Discharge by Vehumet.
 11092 | D:8      | Noticed Amaemon
 11109 | D:8      | Killed Amaemon
 11339 | D:8      | Found Xaelesun's Antique Armour Shop.
 12313 | D:9      | Offered knowledge of Stone Arrow by Vehumet.
 12353 | D:9      | Found a staircase to the Orcish Mines.
 12408 | D:9      | Noticed a two-headed ogre
 12443 | D:9      | Killed a two-headed ogre
 12444 | D:9      | Reached XP level 11. HP: 93/93 MP: 5/21
 13125 | D:10     | Entered Level 10 of the Dungeon
 13185 | D:10     | Found a staircase to the Lair.
 13192 | D:10     | Noticed a death yak
 14024 | D:10     | Killed a death yak
 14024 | D:10     | Reached *** piety under Vehumet
 14025 | D:10     | Reached skill level 10 in Fire Magic
 15095 | D:11     | Identified the +5 scale mail of Negation {Drain rC+ Will+++
                  | Int-4}
 15340 | D:4      | Bought an Everburning Encyclopedia for 312 gold pieces
 15345 | D:4      | Learned a level 4 spell: Sticky Flame
 15478 | D:11     | Noticed a two-headed ogre
 15493 | D:11     | Killed a two-headed ogre
 16508 | Lair:1   | Entered Level 1 of the Lair of Beasts
 16717 | Lair:1   | Offered knowledge of Dazzling Flash by Vehumet.
 17012 | Lair:1   | Noticed an oklob plant
 18724 | Lair:1   | Killed an oklob plant
 18725 | Lair:1   | Reached XP level 12. HP: 58/104 MP: 5/22
 19335 | Lair:2   | Found a staircase to the Snake Pit.
 19447 | Lair:2   | Noticed a seven-headed hydra
 19474 | Lair:2   | Killed a seven-headed hydra
 19822 | Lair:2   | Found a staircase to the Shoals.
 19824 | Lair:2   | Noticed a six-headed hydra
 19839 | Lair:2   | Killed a six-headed hydra
 19839 | Lair:2   | Reached **** piety under Vehumet
 19957 | Lair:2   | Identified a scroll of acquirement
 19957 | Lair:2   | Acquired 812 gold pieces
 19973 | Lair:2   | Reached skill level 10 in Fighting
 20254 | D:4      | Bought a book of Spatial Translocations for 312 gold pieces
 20257 | D:4      | Learned a level 2 spell: Blink
 20554 | Lair:2   | Noticed a six-headed hydra
 20823 | Lair:2   | Noticed a four-headed hydra
 20839 | Lair:2   | Killed a four-headed hydra
 20981 | Lair:2   | Killed a six-headed hydra
 21079 | Lair:2   | Noticed a catoblepas
 21095 | Lair:2   | Killed a catoblepas
 21220 | Lair:2   | Noticed a death yak
 21231 | Lair:2   | Killed a death yak
 21300 | Lair:2   | Reached skill level 10 in Conjurations
 21544 | Lair:2   | Noticed a six-headed hydra
 21554 | Lair:2   | Killed a six-headed hydra
 21735 | Lair:2   | Reached skill level 1 in Translocations
 21739 | Lair:2   | Offered knowledge of Lee's Rapid Deconstruction by Vehumet.
 22256 | D:6      | Reached XP level 13. HP: 113/113 MP: 15/23
 23092 | Lair:3   | Reached skill level 10 in Staves
 23449 | Lair:3   | Reached skill level 10 in Dodging
 23752 | Lair:3   | Noticed Kirke
 23763 | Lair:3   | Killed Kirke
 24424 | Lair:4   | Reached skill level 5 in Translocations
 24429 | Lair:4   | Reached ***** piety under Vehumet
 24429 | Lair:4   | Offered knowledge of Ozocubu's Refrigeration by Vehumet.
 26209 | Lair:5   | Entered Level 5 of the Lair of Beasts
 26308 | Lair:5   | Reached skill level 1 in Shields
 26609 | Lair:5   | Reached XP level 14. HP: 120/121 MP: 14/26
 27852 | Lair:5   | Found a viscous altar of Jiyva.
 27854 | Lair:5   | Found a staircase to the Slime Pits.
 28804 | Lair:5   | Reached skill level 5 in Shields
 29001 | Lair:5   | Reached skill level 10 in Spellcasting
 30419 | Lair:5   | Found a corrupted altar of Lugonu.
 30419 | Lair:5   | Found a one-way gate to the infinite horrors of the Abyss.
 30746 | Orc:1    | Entered Level 1 of the Orcish Mines
 31180 | Orc:2    | Entered Level 2 of the Orcish Mines
 31185 | Orc:2    | Offered knowledge of Orb of Destruction by Vehumet.
 31196 | Orc:1    | Learned a level 7 spell: Orb of Destruction
 31807 | Orc:2    | Noticed Nergalle
 31988 | Orc:2    | Killed Nergalle
 32155 | Orc:2    | Noticed an orc warlord
 32164 | Orc:2    | Found Vuotac's Book Boutique.
 32381 | Orc:1    | Killed an orc warlord
 32700 | Orc:2    | Found Ase Vono's Assorted Antiques.
 32726 | Orc:2    | Found a staircase to the Elven Halls.
 33262 | Orc:2    | Paralysed by an orc sorcerer for 5 turns
 33494 | Orc:2    | Found Aczuyzo's Antique Weapon Boutique.
 33605 | Orc:2    | Found Otitz's Antique Armour Boutique.
 33626 | Orc:2    | Noticed Azrael
 34505 | Orc:2    | Found Biump's General Store.
 34528 | Orc:2    | Bought a book of the Spheres for 594 gold pieces
 34534 | Orc:2    | Learned a level 5 spell: Fireball
 34690 | Orc:1    | Offered knowledge of Starburst by Vehumet.
 34691 | Orc:1    | Reached XP level 15. HP: 123/124 MP: 26/29
 34778 | Orc:1    | Found a runed translucent gate.
 34778 | Orc:1    | Found a runed translucent gate.
 34778 | Orc:1    | Found a runed translucent gate.
 34779 | Orc:1    | Noticed Smoke131's ghost (journeyman TrGl)
 34973 | D:12     | Noticed Josephine
 34985 | D:12     | Killed Josephine
 35010 | D:12     | Reached skill level 10 in Shields
 35616 | D:12     | Noticed Urug
 35633 | D:12     | Killed Urug
 36190 | D:13     | You fall into a shaft and drop 2 floors!
 36190 | D:15     | Entered Level 15 of the Dungeon
 38155 | D:13     | Offered knowledge of Spellforged Servitor by Vehumet.
 38484 | D:13     | Found a gate to the Vaults.
 38890 | D:14     | Found Wogem's Jewellery Boutique.
 39123 | D:14     | Found a portal to a secret trove of treasure.
 39345 | D:14     | Noticed Snorg
 39356 | D:14     | Killed Snorg
 40767 | D:15     | Found a white marble altar of Elyvilon.
 40836 | D:15     | Paralysed by an orc sorcerer for 4 turns
 41028 | D:15     | Reached XP level 16. HP: 138/138 MP: 25/30
 41327 | D:15     | Found a staircase to the Depths.
 42486 | Orc:2    | Bought the +3 pair of mountain boots {steadfast, rC+} for
                  | 1038 gold pieces
 42486 | Orc:2    | Found the +3 pair of mountain boots {steadfast, rC+}
 42625 | Snake:1  | Entered Level 1 of the Snake Pit
 45115 | Snake:1  | Offered knowledge of Irradiate by Vehumet.
 45961 | Snake:2  | Noticed Aizul
 46086 | Snake:1  | Killed Aizul
 46623 | Snake:2  | Noticed Mlioglotl
 46865 | Snake:2  | Noticed a bone dragon
 47844 | Snake:2  | Noticed Nikola
 48705 | Snake:2  | Reached XP level 17. HP: 120/149 MP: 12/32
 48879 | Snake:2  | Offered knowledge of Yara's Violent Unravelling by Vehumet.
 49161 | Snake:1  | Killed Mlioglotl
 49339 | Snake:1  | Killed Nikola
 49877 | Snake:2  | Found Sumaliynk's Jewellery Emporium.
 49877 | Snake:2  | Found Guisacec's Book Shop.
 49878 | Snake:2  | Found Casic's Book Shop.
 50864 | Snake:3  | Found Haedog's Magic Scroll Emporium.
 50874 | Snake:3  | Noticed Vashnia
 50912 | Snake:3  | Killed Vashnia
 51250 | Snake:3  | Bought a scroll of enchant armour for 150 gold pieces
 51362 | Snake:3  | Learned a level 6 spell: Starburst
 51551 | Snake:3  | Noticed Roxanne
 52146 | Snake:3  | Killed Roxanne
 52554 | Snake:3  | Noticed Louise
 52563 | Abyss:2  | Cast into level 2 of the Abyss (Louise)
 52684 | Abyss:2  | Found a corrupted altar of Lugonu.
 52780 | Abyss:2  | Noticed a bone dragon
 52826 | Abyss:2  | HP: 6/151 [starcursed mass/accursed screaming (7)]
 52830 | Abyss:2  | HP: 1/151 [starcursed mass/accursed screaming (6)]
 52832 | Abyss:2  | Killed from afar by a starcursed mass

Illustrated notes

Levels and vault maps discovered:
D:1:      minmay_arrival_wavy_path, layout_loops_ring, serial_forest,
          infiniplex_forest_3_way, infiniplex_forest_clump_small,
          infiniplex_forest_straight_3, infiniplex_forest_straight_3,
          infiniplex_forest_straight_4, infiniplex_forest_straight_3,
          infiniplex_forest_lined_ring
D:2:      layout_basic, dreamdust_ecumenical_altar_angels_and_demons,
          serial_shops, shop
D:3:      layout_basic, serial_glass, glass_columns_a, glass_columns_b,
          st_stairs_14
D:4:      layout_loops_corners, chequers_temple_overflow_minitemple,
          portal_sewer_entry_b, serial_shops, kennysheep_mini
D:5:      layout_loops_corners, minmay_temple_entry_grid,
          nicolae_ossuary_entry_monument
D:6:      layout_basic, minivault_27, kennysheep_generic_room_3
D:7:      layout_loops_cross, serial_shops, nicolae_shop_behind_doors,
          enter_bailey_7, uniq_pikel, uniq_crazy_yiuf_cottage
D:8:      layout_loops_ring, serial_shops, shop, shop_fountains, uniq_gastronok,
          uniq_amaemon
D:9:      layout_long_grid, david_orc_3, serial_glass, glass_columns_a,
          glass_columns_c, glass_columns_b, glass_columns_a, glass_columns_a,
          glass_columns_c, glass_columns_b, glass_columns_a, glass_columns_b,
          glass_columns_a
D:10:     layout_roguey, david_lair_generic, minmay_crystal_room,
          item_on_display_a
D:11:     layout_loops_cross
D:12:     layout_big_octagon, uniq_urug, uniq_josephine
D:13:     layout_stronghold, hangedman_vaults_entry_quadrant_bands
D:14:     layout_loops_corners, serial_shops, nicolae_shop_stone, enter_trove_3,
          uniq_snorg
D:15:     hangedman_depths_entry_civil_slaughter, layout_cave_pods,
          elyvilon_altar_3, portal_ice_cave_entry_ice_simulacra
Temple:   minmay_crystal_spiral_temple
Lair:1:   layout_regular_city, roderic_batcave, minmay_lair_oklob_bushes,
          grunt_megastairs_2
Lair:2:   nzn_winding_woodlands_large [nzn_winding_woodlands_hourglass,
          nzn_winding_woodlands_5x15_sidewinder,
          nzn_winding_woodlands_5x5_perimeter,
          nzn_winding_woodlands_center_triple_pond,
          nzn_winding_woodlands_15x15_eel_pit,
          nzn_winding_woodlands_center_garden,
          nzn_winding_woodlands_5x5_checkerboard,
          nzn_winding_woodlands_5x15_lazy_stream,
          nzn_winding_woodlands_5x5_three], layout_gridlike,
          elwin_shoals_entry_rocks, minmay_snake_entry_guardpost_small,
          serial_bayou_ford_a
Lair:3:   beast_lair_carwin_large_4, layout_hall_layers, minmay_hedge_maze,
          uniq_kirke
Lair:4:   layout_cave_shapes
Lair:5:   hellmonk_lair_end_abyssal_woods, layout_regular_city,
          minmay_slime_entry_oklob_enclosed, grunt_megastairs_4
Snake:1:  nicolae_snake_shooting_gallery, layout_honeycomb, grunt_megastairs_1
Snake:2:  layout_onion, minmay_shop_grove, nicolae_triple_integral, uniq_nikola,
          uniq_mlioglotl, uniq_aizul
Snake:3:  layout_basic, minmay_shop_star, serial_bayou_shore_b, uniq_vashnia,
          uniq_roxanne, uniq_louise
Orc:1:    layout_caves, gammafunk_ghost_necromancy
Orc:2:    grunt_orc_cross, layout_diamond_mine, serial_shops,
          nicolae_shop_hallway_plus, basic_altar, uniq_azrael
Abyss:2:  base: D:14, eino_small_chamber_without_monster,
          guppyfry_abyss_exit_imp_island, minivault_20,
          hangedman_summoners_spam, spicy_abyss_rude_harpoons,
          hangedman_steaming_rock

Skill      XL: |  1  2  3  4  5  6  7  8  9 10 11 12 13 14 15 16 17 |
---------------+----------------------------------------------------+-----
Dodging        | 2 3 4 6 7 9 10 11 12 | 12.0
Fighting       | 1 2 3 4 5 6 7 9 10 11 13 | 13.7
Conjurations   | 2 3 4 6 7 8 10 11 12 13 | 13.2
Spellcasting   | 3 4 6 7 8 10 11 12 | 12.2
Fire Magic     | 4 5 6 7 8 10 11 13 | 13.7
Staves         | 1 3 5 6 7 9 12 | 12.1
Translocations | 1 5 |  5.0
Shields        | 1 9 10 | 10.5
Stealth        | |  1.7

Action                   |  1- 3 |  4- 6 |  7- 9 | 10-12 | 13-15 | 16-18 || total
-------------------------+-------+-------+-------+-------+-------+-------++-------
Melee: Dagger            |    72 |    47 |       |       |       |       ||   119
       Short sword       |     2 |       |       |       |       |       ||     2
       Tailslap          |     9 |    20 |     9 |    21 |    82 |    50 ||   191
       Hand axe          |       |   132 |    12 |       |       |       ||   144
       Punch             |       |     2 |     2 |     5 |     3 |       ||    12
       Staff             |       |       |   104 |    92 |   319 |   173 ||   688
 Cast: Foxfire           |    21 |    40 |    47 |   163 |   390 |   138 ||   799
       Scorch            |     1 |    17 |   114 |   244 |   469 |   196 ||  1041
       Conjure Flame     |       |     1 |     4 |    20 |    11 |     5 ||    41
       Inner Flame       |       |       |     1 |     2 |       |       ||     3
       Flame Wave        |       |       |       |    14 |    42 |    22 ||    78
       Sticky Flame      |       |       |       |    21 |   170 |    90 ||   281
       Blink             |       |       |       |     1 |     2 |     6 ||     9
       Orb of Destructio |       |       |       |       |     2 |    46 ||    48
       Fireball          |       |       |       |       |     1 |    38 ||    39
 Abil: Breathe Steam     |       |       |     2 |     1 |     2 |     4 ||     9
Evoke: Wand              |       |       |       |     6 |     4 |    19 ||    29
  Use: Scroll            |       |    11 |     5 |    12 |     6 |     9 ||    43
       Potion            |       |     5 |     1 |     4 |     2 |     5 ||    17
 Stab: Sleeping          |     2 |     2 |       |       |       |       ||     4
       Petrified         |       |       |       |    12 |       |       ||    12
Armor: Skin              |    24 |   152 |    58 |   103 |   243 |   159 ||   739
Dodge: Dodged            |    41 |   154 |   145 |   209 |   429 |   268 ||  1246
Block: Other             |       |       |     3 |    68 |    61 |    42 ||   174
       Tower shield      |       |       |       |       |   593 |   429 ||  1022
       Reflection        |       |       |       |       |    47 |    60 ||   107
